 Dungeon Crawl Stone Soup version 0.31.0-12-g77e489cdc1 (webtiles) character file.

Game seed: 7534978974009654417

11293 Amplified the Cleaver (level 11, -2/95 HPs)
             Began as a Green Draconian Shapeshifter on Mar 2, 2024.
             Slain by a fire bat (3 damage)
             ... in a Gauntlet on Mar 3, 2024.
             The game lasted 00:24:29 (12362 turns).

Amplified the Cleaver (DrSh)                       Turns: 12362, Time: 00:24:30

Health: -2/95      AC:  7    Str: 20    XL:     11   Next: 47%
Magic:  20/20      EV: 14    Int: 12    God:
Gold:   221        SH:  0    Dex: 10    Spells: 14/23 levels left

rFire   + . .        e - +3 executioner's axe (freeze)
rCold   x . .        (shield currently unavailable)
rNeg    . . .        (body armour unavailable)
rPois   +            (helmet currently unavailable)
rElec   .            p - melded +1 cloak
rCorr   .            (gloves currently unavailable)
SInv    .            q - melded +2 pair of boots
Will    .....        (no amulet)
Stlth   +            g - ring of fire
HPRegen 0.35/turn    l - ring of wizardry
MPRegen 0.17/turn

%: no teleportation, wizardry (x1)
@: mighty, beast-form
A: beast (slay +4), breathe noxious fumes, AC +7, unfitting armour, poison
resistance, cold-blooded
a: Breathe Noxious Fumes, Begin Untransformation


You were in a Gauntlet.
You were a hulking beast.
You visited 2 branches of the dungeon, and saw 12 of its levels.
You also visited: Gauntlet.

You collected 551 gold pieces.
You spent 330 gold pieces at shops.

Inventory:

Hand Weapons
 e - a +3 executioner's axe of freezing (weapon)
Missiles
 d - 3 silver javelins
 h - 3 curare-tipped darts (quivered)
 i - 72 poisoned darts
 s - 6 atropa-tipped darts
Armour
 p - a +1 cloak (melded)
 q - a +2 pair of boots (melded)
Jewellery
 a - a +6 ring of intelligence
 g - a ring of fire (left hand)
 l - a ring of wizardry (right hand)
 o - an amulet of guardian spirit
Talismans
 b - a beast talisman (active)
 c - a flux talisman
 y - a blade talisman
Wands
 n - a wand of flame (15)
 v - a wand of roots (20)
Scrolls
 t - 2 scrolls of teleportation
 x - a scroll of butterflies
 z - a scroll of identify
 B - a scroll of brand weapon
Potions
 f - 2 potions of mutation
 j - a potion of attraction
 k - 3 potions of magic
 r - a potion of brilliance
 u - a potion of curing


   Skills:
 + Level 8.4 Fighting
 * Level 10.6 Axes
 + Level 7.1 Dodging
 - Level 3.1 Unarmed Combat
 + Level 6.6 Spellcasting
 + Level 7.4 Shapeshifting


You had 14 spell levels left.
You knew the following spells:

 Your Spells              Type           Power      Damage    Failure   Level
a - Airstrike             Air            1%         2d(1-17)  52%         4
b - Swiftness             Air            3%         N/A       21%         3
c - Scorch                Fire           10%        2d5       11%         2

Your spell library contained the following spells:

 Spells                   Type           Power      Damage    Failure   Level
 Shock                    Conj/Air       12%        1d3       7%          1
 Flame Wave               Conj/Fire      5%         2d5       52%         4
 Summon Cactus Giant      Summ           1%         N/A       100%        6


Dungeon Overview and Level Annotations

Branches:
Dungeon (11/15)            Temple (1/1) D:5            Lair (0/5) D:8
    Orc (0/2) D:9         Gauntlet (1/1)

Altars:
Ashenzari
Cheibriados
Dithmenos
Elyvilon
Fedhas
Gozag
Hepliaklqana
Kikubaaqudgha
Makhleb
Nemelex Xobeh
Okawaru
Qazlal
Ru
Sif Muna
Trog
Uskayaw
Vehumet
Wu Jian
Xom
Yredelemnul
Zin
The Shining One

Shops:
D:2 (

Annotations:
D:7 1 runed translucent door Gauntlet 11 transporters, 2 runed translucent doors


Innate Abilities, Weirdness & Mutations

You are a hulking beast.
Your limbs bulge with bestial killing power. (Slay +4)
You can breathe blasts of noxious fumes.
Your lurid green scales are hard. (AC +7)
You cannot fit into any form of body armour.
Your system is resistant to poisons. (rPois)
You are cold-blooded and may be slowed by cold attacks.


Message History

Unknown command.
You barely miss the fire crab. The fire crab closely misses you.
The fire crab misses you. The fire crab bites you.
You are engulfed in flames.
You resist. The fire crab claws you!
You are engulfed in flames!
You resist.
Unknown command.
Unknown command.
You hit the fire crab. You freeze the fire crab.
The fire crab is lightly wounded.
The fire crab bites you!
You are engulfed in flames.
You resist. The fire crab closely misses you.
Unknown command.
Unknown command.
You feel very mighty all of a sudden. The fire crab bites you!
You are engulfed in flames.
You resist.
* * * LOW HITPOINT WARNING * * *
The fire crab claws you!
* * * LOW HITPOINT WARNING * * *
You are engulfed in flames.
You resist.
* * * LOW HITPOINT WARNING * * *
Okay, then.
Okay, then.
Okay, then.
Okay, then.
Okay, then.
You slice the fire crab!! You freeze the fire crab!
The fire crab is almost dead.
The fire crab barely misses you. The fire crab claws you.
* * * LOW HITPOINT WARNING * * *
You are engulfed in flames.
You resist.
* * * LOW HITPOINT WARNING * * *
Unknown command.
Unknown command.
Unknown command.
Okay, then.
You slash the fire crab! You freeze the fire crab.
You kill the fire crab!
The fire bat bites you.
* * * LOW HITPOINT WARNING * * *
You are engulfed in flames.
You resist.
You die...

#≈≈..♣PPP♣.#.[####.#.♣P
#≈.........#...©.).#...
####...###################
#≈≈....#©.........©.......
#≈..######################
####...#.......#...........#.
#≈≈..♣.#.#..##.#...#≈#≈#P..##
#≈...P.#...b##.#.P.≈≈≈≈≈...#.
##..P.♣.#.###h..#.♣.#≈#≈#.♣.#.
##≈..PPP.#.###...#.P.≈≈≈≈≈.P.#.
#≈≈.PP.♣.#.###...#...#≈#≈#...#.
##≈......#..?©.).#....PP.P...#Z
##.P♣.#############...♣P..####
##≈....#©....©....©#.......#©..
#≈≈.###################.#######
##≈.#24.....#.#..#J#..#.#......
##.#.#####.#.#.#.#.#.#.#.####.


You could see a quicksilver ooze and a fire bat.

Vanquished Creatures
  A two-headed ogre (D:10)
  A fire crab (Gauntlet)
  A necromancer (Gauntlet)
  A cyclops (D:9)
  A manticore (D:11)
  Maurice (D:10)
  An elephant (D:8)
  A gargoyle (D:11)
  A kobold demonologist (D:9)
  A komodo dragon (D:8)
  Psyche (D:10)
  A troll (D:9)
  A shadow (D:11)
  7 yaks
  A wraith (D:10)
  A wyvern (D:8)
  A fire bat (Gauntlet)
  7 vampire mosquitoes (D:10)
  A steam dragon (D:6)
  An acid dragon (D:10)
  2 water moccasins
  2 black bears
  A sky beast (D:7)
  2 ogres (D:5)
  An orc warrior (D:7)
  2 centaurs
  5 wolves (Gauntlet)
  2 phantoms
  13 kobold brigands
  2 bullfrogs
  A gnoll sergeant (D:11)
  A scorpion (D:8)
  4 wights (D:8)
  16 killer bees
  2 howler monkeys
  A bombardier beetle (D:6)
  4 hounds
  2 gnoll boudas
  12 orc priests
  A human skeleton (D:7)
  2 iguanas
  9 orc wizards
  5 adders
  16 gnolls
  3 shadow imps
  2 white imps
  4 ufetubi
  A dart slug (D:3)
  A ribbon worm (D:3)
  40 orcs
  4 endoplasms
  A giant cockroach (D:1)
  3 goblins
  6 hobgoblins
  2 jackals (D:4)
  2 quokkas
  6 ball pythons
  7 bats
  A frilled lizard (D:3)
  40 kobolds
  9 kobold skeletons (D:9)
  9 kobold zombies (D:9)
  5 rats
286 creatures vanquished.

Notes
Turn   | Place    | Note
-------+----------+-------------------------------------------
     0 | D:1      | Amplified the Draconian Shapeshifter began the quest for
                  | the Orb.
     0 | D:1      | Reached XP level 1. HP: 16/16 MP: 1/1
     6 | D:1      | Found a faded altar of an unknown god.
   243 | D:1      | Reached XP level 2. HP: 23/23 MP: 2/2
   636 | D:2      | Found Otekof's Weapon Shoppe.
  1080 | D:3      | Reached XP level 3. HP: 28/29 MP: 3/3
  1097 | D:3      | Found a snail-covered altar of Cheibriados.
  1121 | D:3      | Reached skill level 1 in Axes
  1217 | D:3      | Found a broken altar of Ashenzari.
  1354 | D:3      | Found a shadowy altar of Dithmenos.
  1354 | D:3      | Found a hazy altar of Hepliaklqana.
  1357 | D:3      | Noticed a shadow
  1503 | D:3      | Reached XP level 4. HP: 33/36 MP: 4/4
  1665 | D:3      | Found an ancient bone altar of Kikubaaqudgha.
  1863 | D:4      | Reached skill level 1 in Spellcasting
  2204 | D:4      | Reached skill level 2 in Axes
  2350 | D:5      | Entered Level 5 of the Dungeon
  2361 | D:5      | Found a staircase to the Ecumenical Temple.
  2370 | Temple   | Entered the Ecumenical Temple
  2403 | D:5      | Noticed a water moccasin
  2412 | D:5      | Killed a water moccasin
  2413 | D:5      | Reached XP level 5. HP: 44/44 MP: 5/7
  2549 | D:5      | Noticed an ogre
  2555 | D:5      | Reached skill level 3 in Axes
  2555 | D:5      | Reached XP level 6. HP: 39/50 MP: 8/8
  2759 | D:6      | Found a shimmering blue altar of Sif Muna.
  3087 | D:6      | Found a glowing golden altar of the Shining One.
  3091 | D:6      | Found an opulent altar of Gozag.
  3094 | D:6      | Found a burning altar of Makhleb.
  3097 | D:6      | Found a sparkling altar of Nemelex Xobeh.
  3229 | D:6      | Found an iron altar of Okawaru.
  3259 | D:6      | Your scales start taking on a lurid green colour.
  3259 | D:6      | Reached XP level 7. HP: 43/57 MP: 10/10
  3259 | D:6      | Gained mutation: Your system is resistant to poisons.
                  | (rPois) [Green Draconian growth]
  3333 | D:6      | Reached skill level 4 in Axes
  3461 | D:6      | Noticed a steam dragon
  3479 | D:6      | Killed a steam dragon
  3535 | D:6      | Noticed a shadow
  3537 | D:6      | Noticed a troll
  4105 | D:4      | Reached skill level 5 in Axes
  4473 | D:6      | Reached XP level 8. HP: 66/66 MP: 12/12
  4513 | D:6      | Found a radiant altar of Vehumet.
  5288 | D:7      | Found a runed translucent door.
  5290 | D:7      | Found a basalt altar of Yredelemnul.
  5634 | D:7      | Found a white marble altar of Elyvilon.
  5830 | D:7      | Learned a level 4 spell: Airstrike
  5847 | D:7      | Reached skill level 6 in Axes
  5963 | D:7      | Reached skill level 5 in Fighting
  5963 | D:7      | Reached skill level 5 in Shapeshifting
  6683 | D:7      | Reached XP level 9. HP: 35/74 MP: 13/15
  6787 | D:2      | Bought a +2 executioner's axe of freezing for 330 gold
                  | pieces
  6792 | D:2      | Learned a level 3 spell: Swiftness
  6973 | D:8      | Noticed a komodo dragon
  6987 | D:8      | Killed a komodo dragon
  6988 | D:8      | Reached skill level 7 in Axes
  6988 | D:8      | Reached skill level 5 in Dodging
  7085 | D:8      | Noticed an elephant
  7093 | D:8      | Killed an elephant
  7233 | D:8      | Found a hide-covered altar of Uskayaw.
  7361 | D:8      | Found a staircase to the Lair.
  7927 | D:8      | Reached skill level 8 in Axes
  8170 | D:8      | Found a stormy altar of Qazlal.
  8405 | D:9      | Reached skill level 5 in Spellcasting
  8408 | D:9      | Reached XP level 10. HP: 48/84 MP: 17/17
  8743 | D:9      | Found an ancient bone altar of Kikubaaqudgha.
  8957 | D:9      | Reached skill level 9 in Axes
  9326 | D:9      | Noticed a cyclops
  9333 | D:9      | Killed a cyclops
  9334 | D:9      | Found a staircase to the Orcish Mines.
  9879 | D:10     | Entered Level 10 of the Dungeon
  9913 | D:10     | Noticed a two-headed ogre
  9920 | D:10     | Killed a two-headed ogre
 10137 | D:10     | Noticed Maurice
 10148 | D:10     | Something stole a ring of fire
 10150 | D:10     | Something stole 119 gold
 10151 | D:10     | Something stole 62 poisoned darts
 10152 | D:10     | Killed Maurice
 10153 | D:10     | Reached XP level 11. HP: 48/94 MP: 15/20
 10405 | D:10     | Reached skill level 10 in Axes
 10871 | D:10     | Noticed Psyche
 10878 | D:10     | Killed Psyche
 11910 | D:11     | Identified the +1 ring mail "Holellaes" {rElec Str+3 Int+3}
 11954 | D:11     | Found a gate leading to a gauntlet.
 11962 | Gauntlet | Entered a Gauntlet
 11962 | Gauntlet | Found a transporter.
 11969 | Gauntlet | Noticed a necromancer
 11971 | Gauntlet | Found a transporter.
 11971 | Gauntlet | Found a transporter.
 11981 | Gauntlet | Noticed a death scarab
 11982 | Gauntlet | Found a transporter.
 11985 | Gauntlet | Found a transporter.
 11995 | Gauntlet | Found a transporter.
 12011 | Gauntlet | Found a transporter.
 12018 | Gauntlet | Noticed a quicksilver ooze
 12022 | Gauntlet | Found a transporter.
 12029 | Gauntlet | Noticed a reaper
 12033 | Gauntlet | Found a transporter.
 12034 | Gauntlet | Found a runed translucent door.
 12042 | Gauntlet | Found a runed translucent door.
 12048 | Gauntlet | Found a transporter.
 12059 | Gauntlet | Noticed a fire crab
 12063 | Gauntlet | Found a transporter.
 12105 | Gauntlet | Found a transporter.
 12119 | Gauntlet | Found a transporter.
 12130 | Gauntlet | Found a transporter.
 12205 | Gauntlet | Killed a necromancer
 12353 | Gauntlet | Learned a level 2 spell: Scorch
 12361 | Gauntlet | HP: 4/95 [fire crab (5)]
 12362 | Gauntlet | Killed a fire crab
 12362 | Gauntlet | HP: 1/95 [fire bat (3)]
 12362 | Gauntlet | Slain by a fire bat

Illustrated notes

Levels and vault maps discovered:
D:1:      grunt_arrival_crossed_arrows, layout_basic,
          hellmonk_ecumenical_altar_arch_garden, moated_statue
D:2:      layout_basic, serial_shops, shop
D:3:      layout_loops_ring, riverfiend_overflow_shadow_ancestor,
          mainiacjoe_overflow_cross_hatched, general_overflow_altar,
          slow_altar_1, nicolae_twisty_statue_hallways
D:4:      layout_gridville
D:5:      layout_rooms, minmay_temple_entry_mini_moons, lemuel_flamethrower_1
D:6:      minmay_cornered_nines, layout_loops_cross,
          mainiacjoe_overflow_surrounded_room, nicolae_overflow_crystal_walls,
          grunt_temple_overflow_cloverleaf, okawaru_metal_pillars_3,
          dk_rats_in_the_wall
D:7:      nicolae_BIG_FREAKIN_CUBE, layout_gridville, dk_yredelemnul_ordeal,
          old_standard_altar
D:8:      layout_loops_corners, grunt_qazlal_clouds, nicolae_uskayaw_dance_hall,
          grunt_lair_entry_orc_guard_hut
D:9:      wander_kiku_kobolds, layout_long_grid, erik_orc_3,
          chequers_decorated_corner
D:10:     layout_layer_cave, serial_glass, glass_columns_b, glass_columns_a,
          glass_columns_b, glass_columns_a, glass_columns_a, glass_columns_b,
          uniq_maurice, uniq_psyche
D:11:     layout_basic, gauntlet_entry_generic
Temple:   nicolae_temple_superstar
Gauntlet: minmay_gauntlet_77_tree [minmay_gauntlet_arena_77_box,
          minmay_gauntlet_arena_77_block_sizes, minmay_gauntlet_arena_77_mirror,
          minmay_gauntlet_arena_77_shame_cube, minmay_gauntlet_arena_77_braids,
          minmay_gauntlet_arena_77_hold_the_fort, minmay_gauntlet_arena_77_fan,
          gauntlet_exit_hidden_loot]

Skill      XL: |  1  2  3  4  5  6  7  8  9 10 11 |
---------------+----------------------------------+-----
Dodging        | 2 3 4 5 6 7 |  7.1
Fighting       | 2 3 4 5 6 7 8 |  8.4
Axes           | 1 2 3 5 6 8 9 10 | 10.6
Spellcasting   | 1 2 3 4 5 6 |  6.6
Shapeshifting  | 4 5 6 7 |  7.4
Unarmed Combat | |  3.1

Action                     |  1- 3 |  4- 6 |  7- 9 | 10-12 || total
---------------------------+-------+-------+-------+-------++-------
  Melee: Unarmed           |    92 |   151 |   317 |       ||   560
         Tailslap          |     7 |    16 |    64 |    24 ||   111
         Punch             |     3 |     6 |     4 |       ||    13
         Executioner's axe |       |       |    74 |   220 ||   294
  Throw: Dart              |       |     2 |     6 |     7 ||    15
Ability: Begin Untransform |       |     1 |       |     1 ||     2
  Evoke: Wand              |       |     6 |    10 |     4 ||    20
    Use: Potion            |     1 |     2 |     6 |     8 ||    17
         Scroll            |     4 |     6 |     8 |     6 ||    24
   Stab: Sleeping          |     1 |       |       |       ||     1
         Invisible         |       |     1 |       |     5 ||     6
 Armour: Skin              |    49 |    88 |   302 |   196 ||   635
  Dodge: Dodged            |    56 |    78 |   295 |   210 ||   639
   Form: Beast             |       |     1 |       |     1 ||     2
         Flux              |       |       |       |     1 ||     1
